[Event "Titled Tuesday Blitz November 08 Late 2022"]
[White "Urbina Perez, Juan Antonio"]
[Black "Terry, Renato"]
[WhiteFideId "2217368"]
[BlackFideId "3803457"]
[WhiteElo "2197"]
[BlackElo "2577"]
[Result "0-1"]
[Round "01"]
[TimeControl "180+1"]
[Date "2022.11.08"]
[WhiteClock "0:00:20"]
[BlackClock "0:01:11"]

1. e4 e6 2. Qe2 c5 3. c3 Nc6 4. g3 g6 5. Bg2 Bg7 6. d3 Nge7 7. Nf3 O-O 8. O-O d6 9. Rd1 e5 10. h3 h6 11. Be3 f5 12. exf5 Nxf5 13. Nbd2 Be6 14. Nb3 Qd7 15. Kh2 Rae8 16. g4 Nxe3 17. Qxe3 Ne7 18. d4 exd4 19. cxd4 c4 20. Nbd2 Nd5 21. Qa3 Nf4 22. Bf1 Bd5 23. Rac1 b5 24. b3 Ne2 25. Rc2 c3 26. Bxe2 Rxe2 27. Rxc3 Bxd4 28. Rd3 Bc5 29. Qb2 Bxf3 0-1


[Site "https://www.chess.com"]

[Event "Titled Tuesday Blitz November 08 Late 2022"]
[White "Van Dael, Siem"]
[Black "Ballester Llagaria, Luis Eduardo"]
[WhiteFideId "1049771"]
[BlackFideId "2297620"]
[WhiteElo "2287"]
[BlackElo "2344"]
[Result "1-0"]
[Round "01"]
[TimeControl "180+1"]
[Date "2022.11.09"]
[WhiteClock "0:00:20"]
[BlackClock "0:00:38"]

1. e4 c5 2. Nf3 e6 3. d4 cxd4 4. Nxd4 Nc6 5. Nc3 Qc7 6. Be3 a6 7. g4 Nge7 8. Qd2 b5 9. O-O-O Bb7 10. Bg2 Nxd4 11. Bxd4 Nc6 12. Bb6 Qc8 13. Nd5 Bd6 14. Nf6+ gxf6 15. Qxd6 Ne5 16. Bd4 Nc4 17. Qf4 Rg8 18. Bxf6 Qc5 19. g5 Rc8 20. c3 b4 21. Bd4 Qxg5 22. Qxg5 Rxg5 23. Rhg1 e5 24. f4 exf4 25. Bf6 Rg6 26. Bh3 Rxf6 27. Rg8+ Ke7 28. Rxd7# 1-0


[Site "https://www.chess.com"]

[Event "Titled Tuesday Blitz November 08 Late 2022"]
[White "Vargas, Mauricio"]
[Black "Mortazavi, Ali"]
[WhiteFideId "4404572"]
[BlackFideId "401323"]
[WhiteElo "2025"]
[BlackElo "2339"]
[Result "0-1"]
[Round "01"]
[TimeControl "180+1"]
[Date "2022.11.09"]
[WhiteClock "0:00:04"]
[BlackClock "0:00:35"]

1. e4 c6 2. d4 d5 3. Nc3 dxe4 4. Nxe4 Nf6 5. Nxf6+ exf6 6. c3 Bd6 7. Bd3 O-O 8. Ne2 Re8 9. Qc2 h5 10. Be3 Nd7 11. O-O-O Nf8 12. h3 Be6 13. Kb1 Qa5 14. b3 Rac8 15. c4 b5 16. c5 Bb8 17. Rhg1 Bh2 18. Rh1 Bb8 19. Rhg1 g6 20. g4 h4 21. Bh6 Qd8 22. Nf4 Bxf4 23. Bxf4 Qxd4 24. Bd6 Qb4 25. f4 Bd5 26. g5 f5 27. Ka1 Re3 28. Bxf5 gxf5 29. Qxf5 Qc3+ 30. Kb1 Be4+ 31. Qxe4 Rxe4 32. g6 0-1


[Site "https://www.chess.com"]

[Event "Titled Tuesday Blitz November 08 Late 2022"]
[White "Ventura Bolet, Maxim"]
[Black "Svane, Frederik"]
[WhiteFideId "22238824"]
[BlackFideId "12923044"]
[WhiteElo "2186"]
[BlackElo "2466"]
[Result "0-1"]
[Round "01"]
[TimeControl "180+1"]
[Date "2022.11.09"]
[WhiteClock "0:00:14"]
[BlackClock "0:01:06"]

1. c4 e6 2. g3 d5 3. Bg2 d4 4. Nf3 Nc6 5. O-O Bc5 6. e3 Nge7 7. exd4 Nxd4 8. Nxd4 Bxd4 9. Nc3 O-O 10. d3 e5 11. Be3 c6 12. Bxd4 Qxd4 13. Qe2 Bf5 14. Rfe1 Bxd3 15. Qxe5 Qxe5 16. Rxe5 Ng6 17. Rc5 Rad8 18. h4 f6 19. Rd1 Ne5 20. b3 Bc2 21. Rc1 Nd3 22. Rxc2 Nxc5 23. b4 Nd3 24. b5 Ne1 25. Re2 Nxg2 26. Kxg2 Rfe8 27. Rb2 Rd4 28. bxc6 bxc6 29. Rb4 Rd3 30. Na4 Rd2 31. Nc3 Rc2 32. Rb3 Re3 33. Rb8+ Kf7 34. Nd1 Rd3 35. Nb2 Rdd2 0-1


[Site "https://www.chess.com"]

[Event "Titled Tuesday Blitz November 08 Late 2022"]
[White "Viana Da Costa, Fernando"]
[Black "Gokerkan, Cem Kaan"]
[WhiteFideId "2111900"]
[BlackFideId "6336760"]
[WhiteElo "2259"]
[BlackElo "2365"]
[Result "1/2-1/2"]
[Round "01"]
[TimeControl "180+1"]
[Date "2022.11.09"]
[WhiteClock "0:00:12"]
[BlackClock "0:00:06"]

1. e4 c5 2. Nf3 Nf6 3. e5 Nd5 4. Nc3 e6 5. Nxd5 exd5 6. d4 Nc6 7. dxc5 Bxc5 8. Bd3 d6 9. exd6 O-O 10. O-O Bg4 11. h3 Bh5 12. Bf4 Bxd6 13. Bxd6 Qxd6 14. c3 Rfe8 15. Be2 Re7 16. Nd4 Bxe2 17. Nxe2 Rae8 18. Nd4 g6 19. Qd2 Qf6 20. Nxc6 bxc6 21. Rfe1 Re5 22. f3 Qh4 23. Rxe5 Rxe5 24. Qf2 Qe7 25. Kf1 Qb7 26. Re1 Rxe1+ 27. Kxe1 h5 28. b4 Qa6 29. Qd2 Kf8 30. Kf2 Qc4 31. Kg1 a6 32. Kh2 h4 33. a4 Ke7 34. Qe3+ Kf6 35. Qd4+ Qxd4 36. cxd4 Kf5 37. g3 hxg3+ 38. Kxg3 g5 39. f4 gxf4+ 40. Kf3 Kg5 41. h4+ Kxh4 42. Kxf4 Kh3 43. Kf5 Kg3 44. Kf6 Kf4 45. Kxf7 Ke4 46. Ke6 Kxd4 47. Kd6 Kc4 48. Kxc6 d4 49. b5 axb5 50. axb5 d3 51. b6 d2 52. b7 d1=Q 53. b8=Q Qd5+ 54. Kc7 Qc5+ 55. Kb7 Qd5+ 56. Kc7 Qe5+ 57. Kb7 Qe4+ 58. Kc7 Qe7+ 59. Kc8 Qe6+ 60. Kc7 Kc5 61. Qa7+ Kb5 62. Qb7+ Ka5 63. Qa7+ Kb5 64. Qb7+ Kc5 65. Qa7+ Kb4 66. Qb6+ Qxb6+ 67. Kxb6 1/2-1/2


[Site "https://www.chess.com"]

[Event "Titled Tuesday Blitz November 08 Late 2022"]
[White "Vlassov, Nikolai"]
[Black "Ardila, Oscar Humberto"]
[WhiteFideId "4103360"]
[BlackFideId "4404742"]
[WhiteElo "2324"]
[BlackElo "1959"]
[Result "1-0"]
[Round "01"]
[TimeControl "180+1"]
[Date "2022.11.09"]
[WhiteClock "0:00:53"]
[BlackClock "0:00:19"]

1. e4 e5 2. Bc4 Nf6 3. d3 h6 4. f4 d6 5. Nf3 Bg4 6. fxe5 Bxf3 7. Qxf3 dxe5 8. O-O Bc5+ 9. Kh1 Nbd7 10. Nc3 c6 11. Ne2 Qe7 12. Ng3 g6 13. c3 O-O-O 14. b4 Bb6 15. a4 h5 16. a5 Bc7 17. Be3 Kb8 18. Bg1 Ka8 19. b5 h4 20. Ne2 g5 21. bxc6 g4 22. cxb7+ Kxb7 23. Qe3 Bb8 24. a6+ Ka8 25. Rab1 Nb6 26. Rxb6 axb6 27. Qxb6 Rd6 28. Qb4 Ba7 29. Bxa7 Kxa7 30. Rxf6 Rb8 31. Qxd6 Rb1+ 32. Ng1 Qxd6 33. Rxd6 h3 34. Rd7+ Kb6 35. Rb7+ 1-0


[Site "https://www.chess.com"]

[Event "Titled Tuesday Blitz November 08 Late 2022"]
[White "Voigt, Martin"]
[Black "Machidon, Cristi"]
[WhiteFideId "4607228"]
[BlackFideId "13904590"]
[WhiteElo "2356"]
[BlackElo "2333"]
[Result "0-1"]
[Round "01"]
[TimeControl "180+1"]
[Date "2022.11.09"]
[WhiteClock "0:01:49"]
[BlackClock "0:01:50"]

1. e4 g6 2. d4 Bg7 3. Nc3 a6 4. f4 b5 5. e5 Bb7 6. Nf3 d6 7. Bd3 Nd7 8. Ne4 Nb6 9. c3 e6 10. O-O Ne7 11. Nfg5 h6 12. Nxe6 fxe6 13. Nf6+ Kf7 14. Qg4 Bxf6 15. exf6 Nf5 16. Bd2 Qxf6 17. Rae1 Bd5 18. b3 h5 19. Qe2 Rae8 20. c4 bxc4 21. bxc4 Bxc4 0-1


[Site "https://www.chess.com"]

[Event "Titled Tuesday Blitz November 08 Late 2022"]
[White "Wartiovaara, Oliver"]
[Black "Korchmar, Vasiliy"]
[WhiteFideId "513024"]
[BlackFideId "24131750"]
[WhiteElo "2213"]
[BlackElo "2370"]
[Result "1-0"]
[Round "01"]
[TimeControl "180+1"]
[Date "2022.11.09"]
[WhiteClock "0:00:46"]
[BlackClock "0:00:04"]

1. e4 c5 2. Nf3 d6 3. d4 cxd4 4. Nxd4 Nf6 5. Nc3 Nc6 6. Bg5 Bd7 7. Bxf6 gxf6 8. Qd2 h5 9. f4 Bh6 10. g3 Rc8 11. Nb3 Ne5 12. Be2 Nc4 13. Bxc4 Rxc4 14. O-O-O a5 15. Kb1 a4 16. Nd4 a3 17. b3 Rc5 18. Qd3 O-O 19. Nf5 Bxf5 20. exf5 Qd7 21. Nd5 Re8 22. Rhe1 Kf8 23. Qf3 Qc6 24. c4 b5 25. Qxh5 Bg7 26. Nb4 Qb7 27. Nd3 Rc7 28. c5 dxc5 29. Ne5 fxe5 30. fxe5 f6 31. e6 c4 32. Qf7# 1-0


[Site "https://www.chess.com"]

[Event "Titled Tuesday Blitz November 08 Late 2022"]
[White "Wieczorek, Oskar"]
[Black "Melikhov, Evgeny V."]
[WhiteFideId "1133950"]
[BlackFideId "4122046"]
[WhiteElo "2404"]
[BlackElo "2169"]
[Result "1-0"]
[Round "01"]
[TimeControl "180+1"]
[Date "2022.11.09"]
[WhiteClock "0:00:18"]
[BlackClock "0:00:05"]

1. e4 e5 2. Nf3 Nc6 3. Nc3 Nf6 4. h3 d5 5. exd5 Nxd5 6. Bb5 Nxc3 7. bxc3 Bd6 8. O-O O-O 9. d4 exd4 10. cxd4 Qf6 11. c4 h6 12. Bb2 Qg6 13. c5 Bf4 14. Qb3 Ne7 15. d5 Nf5 16. Bd3 Qh5 17. Qc4 Bg5 18. g4 Qxh3 19. Nxg5 Nh4 20. Qe4 f5 21. Nxh3 fxe4 22. Bxe4 Bxg4 23. Kh2 Bf3 24. Rae1 Bxe4 25. Rxe4 Nf3+ 26. Kg3 Nd2 27. Rfe1 Nxe4+ 28. Rxe4 Rae8 29. Rb4 b6 30. c6 Re2 31. Nf4 Rd2 32. Bc3 Rxa2 33. Be5 g5 34. Ne6 Rfxf2 35. Nxc7 h5 36. Bb2 Rfxb2 37. Rxb2 Rxb2 38. d6 Rd2 39. d7 Kf7 40. Nd5 Rxd5 41. c7 Rd3+ 42. Kf2 Rxd7 43. c8=Q Re7 44. Qf5+ Kg7 45. Qxg5+ Kf7 46. Qxh5+ Kf8 47. Kf3 Rf7+ 48. Ke4 Re7+ 49. Kf5 Rf7+ 50. Ke6 Re7+ 51. Kf6 Rb7 52. Qh8# 1-0


[Site "https://www.chess.com"]

[Event "Titled Tuesday Blitz November 08 Late 2022"]
[White "Winterberg, Lukas"]
[Black "Indjic, Aleksandar"]
[WhiteFideId "24622702"]
[BlackFideId "911925"]
[WhiteElo "2349"]
[BlackElo "2592"]
[Result "0-1"]
[Round "01"]
[TimeControl "180+1"]
[Date "2022.11.08"]
[WhiteClock "0:00:36"]
[BlackClock "0:01:52"]

1. d4 Nf6 2. Nf3 e6 3. c4 c5 4. d5 d6 5. h3 g6 6. Nc3 exd5 7. cxd5 Bg7 8. e4 O-O 9. Be3 Re8 10. Nd2 a6 11. a4 Nxe4 12. Ncxe4 f5 13. Be2 fxe4 14. Nc4 a5 15. O-O Na6 16. Ra3 Nb4 17. Qd2 b6 18. Bf4 Bf8 19. Re3 Ba6 20. b3 b5 21. axb5 Bxb5 22. Re1 Qf6 23. Bg3 Qd4 24. Qc1 Bxc4 25. bxc4 a4 26. Bg4 Nd3 27. Be6+ Rxe6 28. Rxd3 exd3 29. Rxe6 d2 30. Qd1 a3 0-1


[Site "https://www.chess.com"]

[Event "Titled Tuesday Blitz November 08 Late 2022"]
[White "Wirig, Anthony"]
[Black "Milosevic, Milos"]
[WhiteFideId "615013"]
[BlackFideId "964875"]
[WhiteElo "2487"]
[BlackElo "2321"]
[Result "1-0"]
[Round "01"]
[TimeControl "180+1"]
[Date "2022.11.09"]
[WhiteClock "0:00:26"]
[BlackClock "0:00:12"]

1. d4 Nf6 2. Bg5 e6 3. Nd2 c5 4. e3 d5 5. c3 Nbd7 6. Bd3 Bd6 7. f4 Qc7 8. Ngf3 h6 9. Bxf6 Nxf6 10. O-O O-O 11. Ne5 b6 12. Qf3 a5 13. Rf2 Ba6 14. Bc2 b5 15. g4 cxd4 16. exd4 Nd7 17. Qd3 f5 18. gxf5 Rxf5 19. Qg3 Rf6 20. Rg2 Nf8 21. Nf1 b4 22. Ne3 h5 23. Rc1 bxc3 24. bxc3 Ba3 25. Rd1 Ra7 26. f5 Qxc3 27. Nxd5 Qxg3 28. Nxf6+ gxf6 29. Rxg3+ Kh8 30. Rxa3 fxe5 31. dxe5 Bc4 32. Rd8 Kg7 33. f6+ Kf7 34. Rg3 1-0


[Site "https://www.chess.com"]

[Event "Titled Tuesday Blitz November 08 Late 2022"]
[White "Xiong, Jeffery"]
[Black "Santos Flores, Alberto"]
[WhiteFideId "2047640"]
[BlackFideId "3601234"]
[WhiteElo "2725"]
[BlackElo "2235"]
[Result "1-0"]
[Round "01"]
[TimeControl "180+1"]
[Date "2022.11.08"]
[WhiteClock "0:00:06"]
[BlackClock "0:00:01"]

1. e4 c5 2. Nf3 Nc6 3. Nc3 g6 4. Bb5 Bg7 5. Bxc6 dxc6 6. d3 Bg4 7. h3 Bxf3 8. Qxf3 e5 9. a3 Nf6 10. b4 cxb4 11. axb4 a6 12. Be3 Nd7 13. O-O O-O 14. Na4 Re8 15. Nc5 Nxc5 16. bxc5 Qc7 17. Rfb1 a5 18. Ra4 Ra7 19. g4 Qd7 20. h4 Rf8 21. h5 Qe7 22. Kg2 Bf6 23. Rba1 Rfa8 24. h6 Bg5 25. Kg3 Bxe3 26. Qxe3 Kh8 27. f4 f5 28. exf5 gxf5 29. Qxe5+ Qxe5 30. fxe5 fxg4 31. d4 Kg8 32. c4 Rd8 33. Rd1 Kf7 34. d5 Raa8 35. Ra2 Ke7 36. Kxg4 Rac8 37. Rxa5 Rg8+ 38. Kh3 cxd5 39. cxd5 Rg6 40. Ra7 Rxh6+ 41. Kg4 Rg8+ 42. Kf5 Rh5+ 43. Kf4 Rh4+ 44. Kf5 Rh5+ 45. Ke4 Rg4+ 46. Kf3 Rhh4 47. Rxb7+ Ke8 48. Rb8+ Ke7 49. Rb7+ Ke8 50. Rd3 Rf4+ 51. Ke3 Re4+ 52. Kd2 Rxe5 53. c6 Rc4 54. Rb8+ Ke7 55. d6+ 1-0


[Site "https://www.chess.com"]

[Event "Titled Tuesday Blitz November 08 Late 2022"]
[White "Yanchenko, Roman"]
[Black "Forgacs, Attila Jr."]
[WhiteFideId "4137329"]
[BlackFideId "773654"]
[WhiteElo "2489"]
[BlackElo "2168"]
[Result "1-0"]
[Round "01"]
[TimeControl "180+1"]
[Date "2022.11.09"]
[WhiteClock "0:02:42"]
[BlackClock "0:00:28"]

1. d4 Nf6 2. c4 g6 3. Nf3 Bg7 4. Bf4 O-O 5. e3 d5 6. c5 b6 7. b4 bxc5 8. bxc5 Nc6 9. Nbd2 Nh5 10. Bb5 Bd7 11. Bg5 h6 12. Bh4 g5 13. Bg3 Nxg3 14. hxg3 Nxd4 15. Nxd4 Bxd4 16. exd4 Bxb5 17. Rxh6 Bd3 18. Qh5 Bg6 19. Rxg6+ fxg6 20. Qxg6+ Kh8 21. O-O-O Rf4 22. gxf4 1-0


[Site "https://www.chess.com"]

[Event "Titled Tuesday Blitz November 08 Late 2022"]
[White "Yano, William Jorge Froes"]
[Black "Shahaliyev, Ismayil"]
[WhiteFideId "2112949"]
[BlackFideId "13406388"]
[WhiteElo "2122"]
[BlackElo "2306"]
[Result "0-1"]
[Round "01"]
[TimeControl "180+1"]
[Date "2022.11.09"]
[WhiteClock "0:00:16"]
[BlackClock "0:00:11"]

1. e4 c6 2. Nc3 d5 3. Qf3 dxe4 4. Nxe4 Nf6 5. Bc4 e6 6. Ne2 Nxe4 7. Qxe4 c5 8. d3 Nc6 9. Bd2 Be7 10. Bc3 Bf6 11. Nf4 Bxc3+ 12. bxc3 Qa5 13. O-O Qxc3 14. Nd5 Qa5 15. Bb5 Bd7 16. Rfe1 a6 17. Bc4 O-O-O 18. Ne3 Nd4 19. a4 Bc6 20. Qg4 h5 21. Qg5 g6 22. c3 Nf5 23. Nxf5 gxf5 24. g3 h4 25. Rab1 hxg3 26. fxg3 Qxc3 27. Qf4 Qd4+ 28. Qxd4 Rxd4 29. Kf2 Rxh2+ 30. Ke3 Rg2 31. Rg1 Rh2 32. g4 f4# 0-1


[Site "https://www.chess.com"]

[Event "Titled Tuesday Blitz November 08 Late 2022"]
[White "Young, Ryan"]
[Black "Brodowski, Piotr"]
[WhiteFideId "2049945"]
[BlackFideId "1124480"]
[WhiteElo "2285"]
[BlackElo "2351"]
[Result "0-1"]
[Round "01"]
[TimeControl "180+1"]
[Date "2022.11.09"]
[WhiteClock "0:00:02"]
[BlackClock "0:00:19"]

1. e4 d6 2. d4 g6 3. Nc3 Bg7 4. Nf3 a6 5. a4 Nd7 6. Bc4 e6 7. h3 Ne7 8. Qe2 O-O 9. O-O b6 10. e5 Bb7 11. exd6 cxd6 12. Be3 Nf5 13. Rad1 Qc7 14. Bb3 Rac8 15. Rfe1 Nf6 16. Bg5 Rfe8 17. Qd3 h6 18. Be3 Bxf3 19. gxf3 Qb7 20. d5 e5 21. Ne4 Nh5 22. c3 Ra8 23. Ra1 Qe7 24. Kh2 Qh4 25. Rg1 Nf4 26. Bxf4 Qxf4+ 27. Kh1 Qh4 28. Kh2 Qe7 29. Bc2 Nh4 30. Qe2 f5 31. Ng3 Qf6 32. Rad1 e4 33. fxe4 f4 34. Nf1 f3 35. Qe3 Ng2 36. Qxb6 Qf4+ 37. Ng3 h5 38. Rd4 Bxd4 39. Qxd4 h4 40. Qb6 hxg3+ 41. fxg3 Qe5 42. Qc7 Re7 43. Qc6 Rf8 44. Rf1 Ne3 45. Rf2 Ng4+ 46. hxg4 Rh7+ 47. Kg1 Qxg3+ 48. Kf1 Rh1# 0-1


[Site "https://www.chess.com"]

[Event "Titled Tuesday Blitz November 08 Late 2022"]
[White "Yuan, Qingyu"]
[Black "Girsh, Daniel"]
[WhiteFideId "8609772"]
[BlackFideId "30949190"]
[WhiteElo "2359"]
[BlackElo "2075"]
[Result "1-0"]
[Round "01"]
[TimeControl "180+1"]
[Date "2022.11.09"]
[WhiteClock "0:00:56"]
[BlackClock "0:01:13"]

1. e4 c5 2. Nf3 d6 3. Bb5+ Nd7 4. c4 a6 5. Ba4 Nf6 6. Nc3 e6 7. O-O Be7 8. d4 O-O 9. d5 e5 10. a3 Nh5 11. Bxd7 Bxd7 12. Nxe5 Nf6 13. Nxd7 Qxd7 14. Qd3 Rab8 15. b4 Rfc8 16. b5 Bd8 17. Rb1 Ba5 18. f3 Re8 19. Ne2 h6 20. Ng3 Nh7 21. Nf5 Bd8 22. bxa6 b6 23. Qb3 Ng5 24. Qb5 Qxb5 25. cxb5 Bc7 26. Bxg5 hxg5 27. g4 g6 28. Ne3 Bd8 29. Nc4 Bc7 30. Kg2 Kg7 31. Rh1 Rh8 32. h3 f5 33. exf5 gxf5 34. Rbe1 Rbe8 35. a4 fxg4 36. hxg4 Rxh1 37. Rxe8 Ra1 38. Re7+ Kf6 39. Rxc7 Rxa4 40. Nxd6 Ke5 41. Nf7+ Kxd5 42. Nxg5 c4 43. Ne4 Kd4 44. Kg3 Ra3 45. Kf4 Ra5 46. Rd7# 1-0


[Site "https://www.chess.com"]

[Event "Titled Tuesday Blitz November 08 Late 2022"]
[White "Zeman, Matyas"]
[Black "Kuzmicz, Krystian"]
[WhiteFideId "364398"]
[BlackFideId "1119125"]
[WhiteElo "2254"]
[BlackElo "2380"]
[Result "0-1"]
[Round "01"]
[TimeControl "180+1"]
[Date "2022.11.09"]
[WhiteClock "0:00:54"]
[BlackClock "0:01:26"]

1. e4 c5 2. Nf3 e6 3. c3 b6 4. d4 Bb7 5. Bd3 Nf6 6. Qe2 d6 7. O-O Nbd7 8. b3 e5 9. d5 Be7 10. a4 O-O 11. h3 h6 12. Nh4 Nxd5 13. Nf5 Nf4 14. Bxf4 exf4 15. Qg4 Bg5 16. Nxd6 Ne5 17. Nxb7 Qxd3 18. Qd1 Qxe4 19. Re1 Qxb7 20. Rxe5 Rad8 21. Qe2 Qd7 22. Na3 Bf6 23. Re4 Bxc3 24. Rb1 Qf5 25. Nb5 Bf6 26. Qf3 Rfe8 27. Rbe1 Rxe4 28. Rxe4 a6 29. Nc7 Rd2 30. Ne8 Bd4 31. Re2 Rxe2 32. Qxe2 Qd7 0-1


[Site "https://www.chess.com"]

[Event "Titled Tuesday Blitz November 08 Late 2022"]
[White "Zhigalko, Sergei"]
[Black "Freile Martin, Javier"]
[WhiteFideId "13502956"]
[BlackFideId "3600165"]
[WhiteElo "2662"]
[BlackElo "2475"]
[Result "1-0"]
[Round "01"]
[TimeControl "180+1"]
[Date "2022.11.09"]
[WhiteClock "0:00:07"]
[BlackClock "0:01:01"]

1. e4 c5 2. c3 d6 3. d4 Nd7 4. Nf3 Qc7 5. Bd3 e6 6. O-O Ngf6 7. a4 Be7 8. Na3 a6 9. Re1 O-O 10. e5 Nd5 11. exd6 Bxd6 12. Nc4 Be7 13. a5 cxd4 14. Nxd4 N7f6 15. Qf3 Bd7 16. Bg5 Rfe8 17. Rad1 Bb5 18. Nxb5 axb5 19. Ne5 Rxa5 20. Qh3 g6 21. Bf1 Nh5 22. Nxf7 Bxg5 23. Nxg5 Ndf4 24. Qh4 Rf8 25. g3 b4 26. cxb4 Raf5 27. Ne4 Nd5 28. Bh3 Rxf2 29. Bxe6+ Kg7 30. Nxf2 Ndf4 31. Rd7+ Qxd7 32. Bxd7 Kh6 33. gxf4 Rxf4 34. Ng4+ Rxg4+ 35. Bxg4 Kg7 36. Bxh5 Kf7 37. Re7+ Kg8 38. Qf6 gxh5 39. Qg7# 1-0


[Site "https://www.chess.com"]

[Event "Titled Tuesday Blitz November 08 Late 2022"]
[White "Zhu, Jiner"]
[Black "Gasparyan, David"]
[WhiteFideId "8608059"]
[BlackFideId "13311980"]
[WhiteElo "2384"]
[BlackElo "2330"]
[Result "1-0"]
[Round "01"]
[TimeControl "180+1"]
[Date "2022.11.09"]
[WhiteClock "0:01:04"]
[BlackClock "0:00:04"]

1. c4 c5 2. Nf3 Nc6 3. Nc3 Nf6 4. d4 cxd4 5. Nxd4 Nxd4 6. Qxd4 d6 7. e4 Qa5 8. f3 g6 9. Be3 Bg7 10. Rc1 O-O 11. Qd2 Be6 12. Be2 Rac8 13. b3 a6 14. Kf2 Rfe8 15. Rhd1 Nd7 16. Nd5 Qxd2 17. Bxd2 Bxd5 18. cxd5 b5 19. Be3 Nc5 20. Kf1 b4 21. Rc4 a5 22. f4 Bc3 23. e5 Nd7 24. Rxc8 Rxc8 25. Bg4 Rc7 26. e6 Nc5 27. exf7+ Kxf7 28. f5 h5 29. fxg6+ Kxg6 30. Bf3 Rc8 31. Ke2 Ra8 32. g4 h4 33. Bxc5 dxc5 34. d6 exd6 35. Bxa8 Be5 36. h3 Kg5 37. Kf3 Kf6 38. Ke4 Ke6 39. Bd5+ Ke7 40. Rf1 Ke8 41. Rf7 a4 42. bxa4 Kd8 43. a5 c4 44. Bxc4 b3 45. axb3 Bh2 46. a6 Bg1 47. a7 Bxa7 48. Rxa7 Kc8 49. g5 Kb8 50. Rf7 Kc8 51. g6 Kb8 52. g7 d5+ 53. Bxd5 1-0


[Site "https://www.chess.com"]

[Event "Titled Tuesday Blitz November 08 Late 2022"]
[White "chess50years"]
[Black "Souleidis, Georgios"]
[BlackFideId "4206827"]
[WhiteElo "2100"]
[BlackElo "2401"]
[Result "0-1"]
[Round "01"]
[TimeControl "180+1"]
[Date "2022.11.09"]
[WhiteClock "0:00:05"]
[BlackClock "0:00:16"]

1. d4 Nf6 2. c4 g6 3. Nc3 Bg7 4. e4 d6 5. Nf3 O-O 6. h3 e5 7. dxe5 dxe5 8. Qxd8 Rxd8 9. Bg5 Re8 10. Nd5 Nxd5 11. cxd5 c6 12. Bc4 b5 13. Bb3 Bb7 14. dxc6 Nxc6 15. O-O h6 16. Be3 Nd4 17. Nd2 Red8 18. Rfd1 a5 19. Bxd4 exd4 20. f3 d3 21. a4 Bxb2 22. Rab1 Bd4+ 23. Kf1 b4 24. Nc4 Bc3 25. Nb6 Ra6 26. Nd5 Bxd5 27. Bxd5 d2 28. Ke2 Kg7 29. Bb3 h5 30. g4 hxg4 31. hxg4 Rh8 32. Rh1 Raa8 33. Rbf1 g5 34. Bd5 Rab8 35. Bb3 Rbd8 36. Kd1 Kf6 37. f4 gxf4 38. Rxf4+ Ke5 39. Rff1 f6 40. Bd5 Kd4 41. Ke2 Rde8 42. Kd1 Kc5 43. Kc2 Ref8 44. Bb3 Kd4 45. Bd5 Ke3 0-1


[Site "https://www.chess.com"]

[Event "Titled Tuesday Blitz November 08 Late 2022"]
[White "Adewumi, Tanitoluwa"]
[Black "Wieczorek, Oskar"]
[WhiteFideId "30966396"]
[BlackFideId "1133950"]
[WhiteElo "2551"]
[BlackElo "2794"]
[Result "0-1"]
[Round "02"]
[TimeControl "180+1"]
[Date "2022.11.09"]
[WhiteClock "0:00:10"]
[BlackClock "0:00:56"]

1. e4 c5 2. Nf3 e6 3. g3 Nc6 4. Bg2 Nf6 5. d3 Be7 6. O-O d5 7. Qe2 Rb8 8. Bf4 Ra8 9. Bc1 b5 10. Re1 b4 11. Bf4 a5 12. Nbd2 Ba6 13. Ne5 Nd4 14. Qd1 Bb7 15. c3 Nc6 16. Qa4 Rc8 17. Qb5 Ba8 18. exd5 Nxd5 19. Ndc4 O-O 20. Nxc6 Bxc6 21. Qxa5 bxc3 22. Bxd5 Qxd5 23. Re4 Qxd3 0-1


[Site "https://www.chess.com"]

[Event "Titled Tuesday Blitz November 08 Late 2022"]
[White "Aghasiyev, Kamal"]
[Black "Sarana, Alexey"]
[WhiteFideId "13402854"]
[BlackFideId "24133795"]
[WhiteElo "2341"]
[BlackElo "2708"]
[Result "0-1"]
[Round "02"]
[TimeControl "180+1"]
[Date "2022.11.08"]
[WhiteClock "0:00:05"]
[BlackClock "0:00:50"]

1. d4 Nf6 2. c4 e6 3. Nc3 d5 4. cxd5 exd5 5. Bg5 c6 6. Qc2 h6 7. Bh4 Be7 8. e3 O-O 9. Bd3 c5 10. Nf3 Nc6 11. a3 c4 12. Bf5 Be6 13. Bxe6 fxe6 14. O-O Qe8 15. e4 Qh5 16. Bxf6 Bxf6 17. Rad1 Rad8 18. Rfe1 a6 19. exd5 exd5 20. h3 Rd6 21. Qe2 b5 22. Ne5 Qxe2 23. Rxe2 Na5 24. Ng4 Bg5 25. Re5 Rfd8 26. Ne3 Nc6 27. Rxd5 Bxe3 28. Rxd6 Bxf2+ 29. Kxf2 Rxd6 30. d5 Ne5 31. Ne4 Rd8 32. b3 cxb3 33. d6 b2 34. Rb1 Nc4 35. Ke2 Kf7 36. Kd3 Ke6 37. a4 Kd5 38. axb5 axb5 39. Nc3+ Kc5 0-1


[Site "https://www.chess.com"]

[Event "Titled Tuesday Blitz November 08 Late 2022"]
[White "Alexikov, Alexander"]
[Black "Faizrakhmanov, Ramil"]
[WhiteFideId "14103958"]
[BlackFideId "24103209"]
[WhiteElo "2222"]
[BlackElo "2437"]
[Result "0-1"]
[Round "02"]
[TimeControl "180+1"]
[Date "2022.11.09"]
[WhiteClock "0:00:21"]
[BlackClock "0:00:28"]

1. e4 c6 2. Nf3 d5 3. Nc3 Bg4 4. h3 Bxf3 5. Qxf3 e6 6. d3 Nd7 7. Bd2 Bb4 8. g3 Ne7 9. a3 Ba5 10. Bg2 O-O 11. O-O f5 12. exd5 exd5 13. Bg5 Bc7 14. Rfe1 Nf6 15. Re6 Qd7 16. Rae1 Rae8 17. Bxf6 gxf6 18. R6e2 f4 19. Qg4+ Qxg4 20. hxg4 Kf7 21. gxf4 Bxf4 22. d4 Ng6 23. Nxd5 Rxe2 24. Rxe2 cxd5 25. Bxd5+ Kg7 26. Bxb7 Rb8 27. Bd5 Rxb2 28. Bb3 Bd6 29. Re1 Nh4 30. Kf1 Nf3 31. Rd1 Bf4 32. Ke2 Nd2 33. Rxd2 Bxd2 34. Kxd2 Rb1 35. f3 f5 36. Ke3 fxg4 37. fxg4 Kf6 38. Ke4 Rg1 39. Bg8 Rxg4+ 40. Kf3 Rxg8 0-1


[Site "https://www.chess.com"]

[Event "Titled Tuesday Blitz November 08 Late 2022"]
[White "Ali Abdullahi, Farah"]
[Black "Coleman, Maxx"]
[WhiteFideId "16100212"]
[BlackFideId "2027119"]
[WhiteElo "2260"]
[BlackElo "2278"]
[Result "0-1"]
[Round "02"]
[TimeControl "180+1"]
[Date "2022.11.09"]
[WhiteClock "0:00:03"]
[BlackClock "0:01:43"]

1. b3 Nf6 2. Bb2 g6 3. e3 Bg7 4. Nf3 O-O 5. c4 d6 6. Be2 b6 7. d4 Bb7 8. d5 Nbd7 9. Bd3 c6 10. e4 Nc5 11. Qe2 e6 12. dxc6 Bxc6 13. Nbd2 d5 14. cxd5 exd5 15. e5 Nfe4 16. O-O Re8 17. b4 Nxd3 18. Qxd3 Qd7 19. Rfe1 Rad8 20. Bd4 Bb5 21. Qe3 Nd6 22. Qb3 Nf5 23. a4 Bc4 24. Qc3 Rc8 25. Nxc4 Rxc4 26. Qb2 Nxd4 27. Nxd4 Rxe5 28. Rxe5 Bxe5 29. Rd1 Qxa4 30. Rd2 Rxb4 31. Qc1 Rxd4 32. Rc2 Rc4 33. g3 Qxc2 0-1


[Site "https://www.chess.com"]